AoeStats
← xXxDstroyxXx

Scandinavia

510471009Analyzed
1v1 RM · 1d ago on Oct 1, 2026· 46m 31s· 2 players
Game mode
Random Map
Map size
Tiny (2 player)
Population
200
Speed
Normal
Resources
Standard
Victory
Conquest
Starting age
Dark Age
Ending age
Imperial Age
RankedLock teamsTeams togetherTeam positionsShared explorationLock speedFull tech treeHidden civsTurbo modeCheats
Victory
Defeat
🇨🇴 Vietnamese · Colombia
1745
+18
🇨🇳 Saracens · China
1782
-18
xXxDstroyxXx
7:56 Loom
9:58 Feudal Age
11:01 Double-Bit Axe
13:01 Wheelbarrow
15:13 Castle Age
15:17 Horse Collar
16:13 Bow Saw
20:50 Heavy Plow
21:15 Town Watch
23:29 Medium Warships
23:38 Fletching
23:49 Padded Archer Armor
25:22 Bodkin Arrow
25:53 Ballistics
30:11 Imperial Age
28:01 Guard Tower
28:22 Masonry
29:31 Stone Mining
29:31 Gold Mining
30:29 Leather Archer Armor
32:09 Two-Man Saw
33:06 Chemistry
34:02 Bracer
34:32 Ring Archer Armor
34:12 Forging
34:03 Scale Mail Armor
34:37 Squires
34:31 Pikeman
35:47 Paper Money
37:37 Hand Cart
37:22 Town Patrol
39:14 Iron Casting
38:54 Chain Mail Armor
39:09 Ring Archer Armor
39:13 Scale Barding Armor
38:30 Light Cavalry
39:20 Bloodlines
39:11 Husbandry
41:32 Plate Mail Armor
46:28 Chain Barding Armor
亮刀吧
7:14 Loom
10:23 Feudal Age
11:10 Double-Bit Axe
11:58 Horse Collar
18:50 Castle Age
17:15 Fishing Lines
17:53 Gold Mining
18:25 Fletching
26:38 Imperial Age
24:56 Wheelbarrow
25:04 Light Cavalry
25:56 Bloodlines
26:46 Medium Warships
27:48 Husbandry
28:00 Scale Barding Armor
28:39 Forging
29:19 Gold Shaft Mining
30:10 Chain Barding Armor
31:37 Bow Saw
32:23 Conscription
32:54 Plate Barding Armor
32:17 Hussar
34:22 Iron Casting
36:06 Blast Furnace
35:39 Elite Skirmisher
36:16 Bodkin Arrow
37:21 Padded Archer Armor
37:23 Bracer
37:42 Heavy Plow
39:15 Leather Archer Armor
40:38 Ring Archer Armor
41:12 Chemistry
43:17 Stone Mining
44:37 Conscription
Connection lost

Rejoining the realm…

Still unreachable

The connection could not be restored.

Session expired

The server has moved on; the page needs a fresh start.